| TOP OF THE 1ST |
|
Pompano Beach Stingrays batting - Pitching for Daytona Beach Islanders : LHP Chris Olsen
|
|
Pitching: LHP Chris Olsen
|
|
|
Batting: RHB Jorge Villalobos
|
0-0: Called Strike 0-1: Ground out 2-3 (Groundball, 2L, EV 57.5 MPH)
|
|
Batting: SHB Gene Roof
|
0-0: Ball 1-0: Ball 2-0: Fly out, F3 (Popup, 3SF, EV 73.1 MPH)
|
|
Batting: RHB Jimmy Thomas
|
0-0: Ball 1-0: Ball 2-0: Ball 3-0: Called Strike 3-1: Called Strike 3-2: Ground out 4-3 (Groundball, 4, EV 80.6 MPH)
|
| Top of the 1st over - 0 runs, 0 hits, 0 errors, 0 left on base; Pompano Beach 0 - Daytona Beach 0 |
| BOTTOM OF THE 1ST |
|
Daytona Beach Islanders batting - Pitching for Pompano Beach Stingrays : RHP Mark Gubicza
|
|
Pitching: RHP Mark Gubicza
|
|
|
Batting: SHB Michael Frierson
|
0-0: Ball 1-0: Ground out 2-3 (Groundball, 2R, EV 66.9 MPH)
|
|
Batting: RHB Kalvin Adams
|
0-0: Ball 1-0: Ball 2-0: SINGLE (Groundball, 4MD, EV 94.4 MPH)
|
|
Batting: RHB Randy Kutcher
|
0-0: Called Strike 0-1: Ball 1-1: SINGLE (Line Drive, 9S, EV 104.4 MPH) Kalvin Adams to second
|
|
Batting: SHB Randle Granger
|
0-0: Called Strike 0-1: Ball 1-1: Ball 2-1: DOUBLE (Flyball, 8RXD, EV 94.4 MPH) Kalvin Adams scores Randy Kutcher to third Runner from 3rd tries for Home, SAFE, throw by CF to home
|
|
Batting: RHB Columbus Duncan
|
0-0: Called Strike 0-1: Ball 1-1: Ball 2-1: Ground out 6-3 (Groundball, 6, EV 83.8 MPH) Randle Granger to third
|
|
Batting: RHB Michael Lavery
|
0-0: Called Strike 0-1: Ball 1-1: SINGLE (Line Drive, 4MD, EV 101.9 MPH) Randle Granger scores
|
|
Batting: RHB Francisco Gonzalez
|
0-0: Ball 1-0: Ball 2-0: Ball 3-0: Called Strike 3-1: Foul Ball, location: 2F 3-2: Strikes out looking
|
| Bottom of the 1st over - 3 runs, 4 hits, 0 errors, 1 left on base; Pompano Beach 0 - Daytona Beach 3 |
| TOP OF THE 2ND |
|
Pompano Beach Stingrays batting - Pitching for Daytona Beach Islanders : LHP Chris Olsen
|
|
Batting: RHB Mark Strucher
|
0-0: Ball 1-0: Ground out 6-3 (Groundball, 6, EV 86.9 MPH)
|
|
Batting: SHB Juan Molina
|
0-0: Called Strike 0-1: Ball 1-1: Foul Ball, location: 2F 1-2: Ground out U3 (Groundball, 3L, EV 81.3 MPH)
|
|
Batting: LHB Steve Phillips
|
0-0: Ball 1-0: Foul Ball, location: 2F 1-1: Called Strike 1-2: Ball 2-2: Ball 3-2: Foul Ball, location: 2F 3-2: Foul Ball, location: 2F 3-2: Fly out, F8 (Flyball, 8LS, EV 90.6 MPH)
|
| Top of the 2nd over - 0 runs, 0 hits, 0 errors, 0 left on base; Pompano Beach 0 - Daytona Beach 3 |
| BOTTOM OF THE 2ND |
|
Daytona Beach Islanders batting - Pitching for Pompano Beach Stingrays : RHP Mark Gubicza
|
|
Batting: RHB Jeffrey Coker
|
0-0: Ground out 6-3 (Groundball, 6, EV 87.5 MPH)
|
|
Batting: RHB Robert Whitfield
|
0-0: Ball 1-0: Ball 2-0: Foul Ball, location: 2F 2-1: Ball 3-1: Swinging Strike 3-2: Ground out 5-3 (Groundball, 56S, EV 61.9 MPH)
|
|
Batting: SHB Michael Frierson
|
0-0: Ground out 5-3 (Groundball, 56, EV 83.1 MPH)
|
| Bottom of the 2nd over - 0 runs, 0 hits, 0 errors, 0 left on base; Pompano Beach 0 - Daytona Beach 3 |
| TOP OF THE 3RD |
|
Pompano Beach Stingrays batting - Pitching for Daytona Beach Islanders : LHP Chris Olsen
|
|
Batting: LHB Arnold McCrary
|
0-0: Reached on error, E5 (Groundball, 5, EV 107.5 MPH)
|
|
Batting: RHB William Waag
|
0-0: Ball 1-0: Grounds into double play, 4-6-3 (Groundball, 4, EV 84.4 MPH)
|
|
Batting: SHB Maury Ornest
|
0-0: Ground out 6-3 (Groundball, 6, EV 92.5 MPH)
|
| Top of the 3rd over - 0 runs, 0 hits, 1 error, 0 left on base; Pompano Beach 0 - Daytona Beach 3 |
| BOTTOM OF THE 3RD |
|
Daytona Beach Islanders batting - Pitching for Pompano Beach Stingrays : RHP Mark Gubicza
|
|
Batting: RHB Kalvin Adams
|
0-0: Foul Ball, location: 2F 0-1: Called Strike 0-2: Ball 1-2: Ball 2-2: Ground out 5-3 (Groundball, 56S, EV 68.8 MPH)
|
|
Batting: RHB Randy Kutcher
|
0-0: Ball 1-0: Ball 2-0: Fly out, F8 (Flyball, 8LM, EV 86.3 MPH)
|
|
Batting: SHB Randle Granger
|
0-0: Fly out, F8 (Flyball, 78S, EV 81.3 MPH)
|
| Bottom of the 3rd over - 0 runs, 0 hits, 0 errors, 0 left on base; Pompano Beach 0 - Daytona Beach 3 |
| TOP OF THE 4TH |
|
Pompano Beach Stingrays batting - Pitching for Daytona Beach Islanders : LHP Chris Olsen
|
|
Batting: RHB Jorge Villalobos
|
0-0: Ball 1-0: Called Strike 1-1: Ball 2-1: SINGLE (Groundball, 6MD, EV 96.3 MPH)
|
|
Batting: SHB Gene Roof
|
0-0: Ball 1-0: Fly out, F8 (Flyball, 8RS, EV 81.3 MPH)
|
|
Batting: RHB Jimmy Thomas
|
0-0: Ball 1-0: Called Strike 1-1: Called Strike 1-2: Ball 2-2: Strikes out swinging
|
|
Batting: RHB Mark Strucher
|
0-0: Foul Ball, location: 2F 0-1: Ball 1-1: Ball Jorge Villalobos is caught stealing 2nd base 2-4
|
| Top of the 4th over - 0 runs, 1 hit, 0 errors, 0 left on base; Pompano Beach 0 - Daytona Beach 3 |
| BOTTOM OF THE 4TH |
|
Daytona Beach Islanders batting - Pitching for Pompano Beach Stingrays : RHP Mark Gubicza
|
|
Batting: RHB Columbus Duncan
|
0-0: Ball 1-0: Called Strike 1-1: Fly out, F6 (Popup, 6, EV 54.4 MPH)
|
|
Batting: RHB Michael Lavery
|
0-0: Ground out 4-3 (Groundball, 4, EV 108.8 MPH)
|
|
Batting: RHB Francisco Gonzalez
|
0-0: Swinging Strike 0-1: Ball 1-1: Ball 2-1: Foul Ball, location: 2F 2-2: Ball 3-2: Ground out 6-3 (Groundball, 6S, EV 83.8 MPH)
|
| Bottom of the 4th over - 0 runs, 0 hits, 0 errors, 0 left on base; Pompano Beach 0 - Daytona Beach 3 |
| TOP OF THE 5TH |
|
Pompano Beach Stingrays batting - Pitching for Daytona Beach Islanders : LHP Chris Olsen
|
|
Batting: RHB Mark Strucher
|
0-0: Called Strike 0-1: Ball 1-1: Ground out 1-3 (Groundball, 15, EV 68.1 MPH)
|
|
Batting: SHB Juan Molina
|
0-0: Ball 1-0: Ball 2-0: Called Strike 2-1: Foul Ball, location: 2F 2-2: Strikes out swinging
|
|
Pitching: RHP Randall Rambis
|
|
|
Batting: LHB Steve Phillips
|
0-0: Ball 1-0: Ball 2-0: DOUBLE (Line Drive, 5D, EV 108.8 MPH)
|
|
Batting: LHB Arnold McCrary
|
0-0: Called Strike 0-1: SINGLE (Groundball, 5S, EV 70.6 MPH) (infield hit) Steve Phillips to third
|
|
Batting: RHB William Waag
|
0-0: Called Strike 0-1: Foul Ball, location: 2F 0-2: Ground out 1-3 (Groundball, 34S, EV 64.4 MPH)
|
| Top of the 5th over - 0 runs, 2 hits, 0 errors, 2 left on base; Pompano Beach 0 - Daytona Beach 3 |
| BOTTOM OF THE 5TH |
|
Daytona Beach Islanders batting - Pitching for Pompano Beach Stingrays : RHP Mark Gubicza
|
|
Batting: RHB Jeffrey Coker
|
0-0: Ball 1-0: Ball 2-0: Foul Ball, location: 2F 2-1: Called Strike 2-2: Ball 3-2: Strikes out looking
|
|
Batting: RHB Robert Whitfield
|
0-0: Swinging Strike 0-1: Foul Ball, location: 2F 0-2: Ground out U3 (Groundball, 34S, EV 84.4 MPH)
|
|
Batting: SHB Michael Frierson
|
0-0: Ball 1-0: Ball 2-0: Foul Ball, location: 2F 2-1: Foul Ball, location: 2F 2-2: Strikes out swinging
|
| Bottom of the 5th over - 0 runs, 0 hits, 0 errors, 0 left on base; Pompano Beach 0 - Daytona Beach 3 |
| TOP OF THE 6TH |
|
Pompano Beach Stingrays batting - Pitching for Daytona Beach Islanders : RHP Randall Rambis
|
|
Batting: SHB Maury Ornest
|
0-0: Ball 1-0: Ground out 4-3 (Groundball, 4, EV 93.8 MPH)
|
|
Batting: RHB Jorge Villalobos
|
0-0: Ball 1-0: Called Strike 1-1: Ball 2-1: Ball 3-1: Foul Ball, location: 2F 3-2: Foul Ball, location: 2F 3-2: Base on Balls
|
|
Batting: SHB Gene Roof
|
0-0: Foul Ball, location: 2F 0-1: Ball Jorge Villalobos is caught stealing 2nd base 2-6 1-1: Fly out, F9 (Flyball, 9, EV 90.0 MPH)
|
| Top of the 6th over - 0 runs, 0 hits, 0 errors, 0 left on base; Pompano Beach 0 - Daytona Beach 3 |
| BOTTOM OF THE 6TH |
|
Daytona Beach Islanders batting - Pitching for Pompano Beach Stingrays : RHP Mark Gubicza
|
|
Batting: RHB Kalvin Adams
|
0-0: Ball 1-0: Foul Ball, location: 2F 1-1: Swinging Strike 1-2: Ball 2-2: Strikes out swinging
|
|
Batting: RHB Randy Kutcher
|
0-0: Ball 1-0: Called Strike 1-1: Ball 2-1: Foul Ball, location: 2F 2-2: SINGLE (Groundball, 6MD, EV 102.5 MPH) (infield hit)
|
|
Batting: SHB Randle Granger
|
0-0: Ball Randy Kutcher is caught stealing 2nd base 2-6 1-0: SINGLE (Groundball, 34D, EV 93.8 MPH)
|
|
Batting: RHB Columbus Duncan
|
0-0: Ball 1-0: Called Strike 1-1: SINGLE (Line Drive, 8LS, EV 109.4 MPH) Randle Granger to second
|
|
Batting: RHB Michael Lavery
|
0-0: Ball 1-0: Called Strike 1-1: Foul Ball, location: 2F 1-2: Foul Ball, location: 2F 1-2: Ball 2-2: Ball 3-2: Fly out, F4 (Popup, 3D, EV 67.5 MPH)
|
| Bottom of the 6th over - 0 runs, 3 hits, 0 errors, 2 left on base; Pompano Beach 0 - Daytona Beach 3 |
| TOP OF THE 7TH |
|
Pompano Beach Stingrays batting - Pitching for Daytona Beach Islanders : RHP Randall Rambis
|
|
Batting: RHB Jimmy Thomas
|
0-0: Ball 1-0: Foul Ball, location: 2F 1-1: Ball 2-1: Ball 3-1: Foul Ball, location: 2F 3-2: Foul Ball, location: 2F 3-2: Strikes out looking
|
|
Batting: RHB Mark Strucher
|
0-0: Ball 1-0: Called Strike 1-1: Ball 2-1: Ground out 5-3 (Groundball, 56S, EV 85.6 MPH)
|
|
Batting: SHB Juan Molina
|
0-0: Ball 1-0: Called Strike 1-1: Swinging Strike 1-2: Ball 2-2: Ground out 5-3 (Groundball, 56, EV 91.3 MPH)
|
| Top of the 7th over - 0 runs, 0 hits, 0 errors, 0 left on base; Pompano Beach 0 - Daytona Beach 3 |
| BOTTOM OF THE 7TH |
|
Daytona Beach Islanders batting - Pitching for Pompano Beach Stingrays : RHP Mark Gubicza
|
|
Batting: RHB Francisco Gonzalez
|
0-0: Foul Ball, location: 2F 0-1: Called Strike 0-2: Ball 1-2: Ball 2-2: Foul Ball, location: 2F 2-2: DOUBLE (Flyball, 8LXD, EV 109.4 MPH)
|
|
Batting: RHB Jeffrey Coker
|
0-0: Ball 1-0: Foul Ball, location: 2F 1-1: Ball 2-1: Ball 3-1: Base on Balls
|
|
Batting: RHB Robert Whitfield
|
0-0: Bunt missed! 0-1: Bunted foul 0-2: Ball 1-2: Grounds into double play, 4-6-3 (Groundball, 4, EV 85.6 MPH) Francisco Gonzalez to third
|
|
Batting: SHB Michael Frierson
|
0-0: Foul Ball, location: 2F 0-1: Ground out 6-3 (Groundball, 56, EV 106.9 MPH)
|
| Bottom of the 7th over - 0 runs, 1 hit, 0 errors, 1 left on base; Pompano Beach 0 - Daytona Beach 3 |
| TOP OF THE 8TH |
|
Pompano Beach Stingrays batting - Pitching for Daytona Beach Islanders : RHP Randall Rambis
|
|
Batting: LHB Steve Phillips
|
0-0: Swinging Strike 0-1: Ball 1-1: Ball 2-1: Foul Ball, location: 2F 2-2: Foul Ball, location: 2F 2-2: Ball 3-2: Strikes out swinging
|
|
Pitching: RHP Nelson Munoz
|
|
|
Batting: LHB Arnold McCrary
|
0-0: Foul Ball, location: 2F 0-1: SINGLE (Groundball, 6D, EV 106.3 MPH)
|
|
Batting: RHB William Waag
|
0-0: SINGLE (Groundball, 5S, EV 66.3 MPH) (infield hit) Arnold McCrary to second
|
|
Batting: SHB Maury Ornest
|
0-0: Called Strike 0-1: Ball 1-1: Called Strike 1-2: Foul Ball, location: 2F 1-2: Foul Ball, location: 2F 1-2: Ball 2-2: Foul Ball, location: 2F 2-2: Ball 3-2: Strikes out looking
|
|
Batting: RHB Jorge Villalobos
|
0-0: Ball 1-0: Ball 2-0: Called Strike 2-1: Ball 3-1: Fly out, F7 (Line Drive, 7D, EV 93.8 MPH)
|
| Top of the 8th over - 0 runs, 2 hits, 0 errors, 2 left on base; Pompano Beach 0 - Daytona Beach 3 |
| BOTTOM OF THE 8TH |
|
Daytona Beach Islanders batting - Pitching for Pompano Beach Stingrays : RHP Mark Gubicza
|
|
Batting: RHB Kalvin Adams
|
0-0: SINGLE (Line Drive, 34, EV 101.3 MPH)
|
|
Batting: RHB Randy Kutcher
|
0-0: Called Strike 0-1: Ball 1-1: Swinging Strike 1-2: Ball 2-2: Ball 3-2: Foul Ball, location: 2F 3-2: Fly out, F8 (Line Drive, 8RM, EV 95.0 MPH)
|
|
Batting: SHB Randle Granger
|
0-0: Ball 1-0: Swinging Strike 1-1: Ball 2-1: Foul Ball, location: 2F 2-2: Ball 3-2: Fielders Choice at 2nd, 4-6 (Groundball, 4, EV 105.0 MPH)
|
|
Batting: RHB Columbus Duncan
|
0-0: Ball Randle Granger steals 2nd base 1-0: Foul Ball, location: 2F 1-1: Foul Ball, location: 2F 1-2: Ball 2-2: Ground out 1-3 (Groundball, 15S, EV 75.0 MPH)
|
| Bottom of the 8th over - 0 runs, 1 hit, 0 errors, 1 left on base; Pompano Beach 0 - Daytona Beach 3 |
| TOP OF THE 9TH |
|
Pompano Beach Stingrays batting - Pitching for Daytona Beach Islanders : RHP Nelson Munoz
|
|
Now at 1B: Tarry Boelter
|
|
|
Batting: SHB Gene Roof
|
0-0: Fly out, F7 (Flyball, 78D, EV 90.6 MPH)
|
|
Batting: RHB Jimmy Thomas
|
0-0: Foul Ball, location: 2F 0-1: Called Strike 0-2: Ball 1-2: DOUBLE (Line Drive, 5D, EV 99.4 MPH)
|
|
Batting: RHB Mark Strucher
|
0-0: Ball 1-0: Ground out 6-3 (Groundball, 6, EV 84.4 MPH)
|
|
Pitching: LHP Richard Ford
|
|
|
Batting: SHB Juan Molina
|
0-0: Called Strike 0-1: Ball 1-1: Ball 2-1: Foul Ball, location: 2F 2-2: Ball 3-2: Foul Ball, location: 2F 3-2: Base on Balls
|
|
Pinch Hitting: RHB Kenneth Feinberg
|
0-0: Ball 1-0: Swinging Strike 1-1: Foul Ball, location: 2F 1-2: Ball 2-2: Ball 3-2: Foul Ball, location: 2F 3-2: Strikes out swinging
|
| Top of the 9th over - 0 runs, 1 hit, 0 errors, 2 left on base; Pompano Beach 0 - Daytona Beach 3 |
|